 Dungeon Crawl Stone Soup version 0.30.1-3-gfc49f6343a (webtiles) character file.

Game seed: 3846061017964439098

15 Pepete the Trooper (level 2, 0/49 HPs)
             Began as an Ogre Berserker on July 21, 2023.
             Was a Follower of Trog.
             Slain by Natasha (3 damage)
             ... on level 2 of the Dungeon.
             The game lasted 00:00:35 (1104 turns).

Pepete the Trooper (Ogre Berserker)                 Turns: 1104, Time: 00:00:36

Health: 0/49       AC:  3    Str: 20    XL:     2   Next: 50%
Magic:  2/2        EV: 10    Int:  8    God:    Trog [*.....]
Gold:   88         SH:  0    Dex:  8    Spells: 1/1 levels left

rFire   . . .        a - +0 mace
rCold   . . .        (no shield)
rNeg    . . .        b - +0 animal skin
rPois   .            (helmet restricted)
rElec   .            (no cloak)
rCorr   .            (gloves unavailable)
SInv    .            (boots unavailable)
Will    .....        (no amulet) Stlth
                     (no ring)
HPRegen 0.28/turn    (no ring)
MPRegen 0.08/turn

%: no passive effects
@: berserking, very quick
A: large, unfitting armour, tough skin 1
a: Renounce Religion, Berserk


You were on level 2 of the Dungeon.
You worshipped Trog.
Trog was aware of your devotion.
You visited 1 branch of the dungeon, and saw 2 of its levels.

You collected 88 gold pieces.

Inventory:

Hand Weapons
 a - a +0 mace (weapon)
Armour
 b - a +0 animal skin (worn)
Jewellery
 d - a ring of see invisible
Scrolls
 c - 2 scrolls of acquirement {unknown}
 f - a scroll of enchant armour {unknown}
 g - 5 scrolls of identify {unknown}
 h - a scroll of amnesia {unknown}
 i - a scroll of immolation {unknown}
Potions
 e - a potion of curing {unknown}


   Skills:
 * Level 4.5 Fighting
 * Level 3.1 Maces & Flails
 - Level 2.6 Dodging


You had one spell level left.
You didn't know any spells.
Your spell library was empty.

Dungeon Overview and Level Annotations

Branches:
Dungeon (2/15)

Altars:

Annotations:
D:2 Natasha


Innate Abilities, Weirdness & Mutations

You are too large for most types of armour.
You have tough skin. (AC +1)


Message History

Natasha extends her claws.
Natasha claws you.
The cerulean imp hits you with a +0 spear.
Natasha splashes around in the water.
Unknown command.
There are monsters nearby!
You barely miss the cerulean imp.
The cerulean imp is lightly wounded.
The cerulean imp closely misses you. Natasha claws you.
Unknown command.
There are monsters nearby!
You sock the cerulean imp!
The cerulean imp is almost dead.
The cerulean imp barely misses you. Natasha claws you.
There are monsters nearby!
You hit the cerulean imp.
You kill the cerulean imp!
The cerulean imp disappears in a puff of smoke!
Natasha claws you!
* * * LOW HITPOINT WARNING * * *
Unknown command.
Natasha is nearby!
You are too injured to fight recklessly!
Unknown command.
Natasha is nearby!
You are too injured to fight recklessly!
Natasha is nearby!
A red film seems to cover your vision as you go berserk!
You feel yourself moving faster!
You feel mighty! Natasha barely misses you.
You closely miss Natasha. Natasha claws you.
* * * LOW HITPOINT WARNING * * *
You completely miss Natasha. Natasha claws you.
* * * LOW HITPOINT WARNING * * *
You sock Natasha!
Natasha is heavily wounded.
Natasha barely misses you.
You closely miss Natasha.
Natasha is heavily wounded.
Natasha claws you.
You die...

≈. .~ .~ #####
.♣.~. .~.~..
~.#~.~
~~#≈~≈...
..~.~~
~~≈...≈.#
♣.~.≈~♣
~♣.~.≈~.##♣~~~♣
~~~~~~....@≈..#
~..♣~~.$...h..#
♣.~~~~......###
#≈.≈.♣.....##
#.♣...♣....##
#≈.♣.♣......#
.##....#.....#
.......#.....#
##..........#


You could see Natasha.

Vanquished Creatures
  A dart slug (D:1)
  2 bats (D:1)
  3 endoplasms (D:1)
  A giant cockroach (D:1)
  A kobold (D:1)
  A quokka (D:1)
  A frilled lizard (D:1)
  A rat (D:1)
11 creatures vanquished.

Notes
Turn   | Place    | Note
-------+----------+-------------------------------------------
     0 | D:1      | Pepete the Ogre Berserker began the quest for the Orb.
     0 | D:1      | Reached XP level 1. HP: 24/24 MP: 1/1
   312 | D:1      | Reached XP level 2. HP: 33/33 MP: 2/2
  1090 | D:2      | Noticed Natasha
  1104 | D:2      | Slain by Natasha

Illustrated notes

Levels and vault maps discovered:
D:1:      eino_arrival_water_star, layout_basic
D:2:      layout_basic, serial_rivers, chequers_serial_rivers_room_a,
          chequers_serial_rivers_marsh, chequers_serial_rivers_marsh,
          chequers_serial_rivers_micro_a, chequers_serial_rivers_marsh,
          chequers_serial_rivers_micro_e, basic_altar, uniq_jessica, uniq_robin,
          uniq_natasha

Skill      XL: |  1  2 |
---------------+-------+-----
Maces & Flails | 3 |  3.1
Fighting       | |  4.5
Dodging        | |  2.6

Action                     || total
---------------------------++-------
  Melee: Mace              ||    34
 Invoke: Berserk           ||     1
 Armour: Animal skin       ||    10
  Dodge: Dodged            ||    20
